 Dungeon Crawl Stone Soup version 0.28-b1-70-g80dc712255 (webtiles) character file.

Game seed: 7258270280387018667

3212 hawla the Digger (level 9, 0/54 HPs)
             Began as a Deep Elf Earth Elementalist on Feb 3, 2022.
             Was an Initiate of Vehumet.
             Slain by a green ugly thing (8 damage)
             ... on level 7 of the Dungeon on Feb 4, 2022.
             The game lasted 00:44:06 (13361 turns).

hawla the Digger (Deep Elf Earth Elementalist)     Turns: 13361, Time: 00:44:07

Health: 0/54       AC:  4    Str: 11    XL:     9   Next: 65%
Magic:  6/18       EV: 13    Int: 25    God:    Vehumet [......]
Gold:   150        SH:  5    Dex: 15    Spells: 11/18 levels left

rFire   . . .      SeeInvis .   d - +2 short sword (venom)
rCold   . . .      Faith    .   e - +0 buckler
rNeg    . . .      Spirit   .   b - +0 robe
rPois   .          Reflect  .   j - +0 helmet
rElec   .          Harm     .   w - scarf {repulsion}
rCorr   .          Rampage  .   v - +0 pair of gloves
Will    .....                   (no boots)
Stlth   ++........              (no amulet)
HPRegen 0.00/turn               c - ring of flight
MPRegen 0.16/turn               q - +6 ring of strength

@: lethally poisoned (0 -> -22), flying, inhibited regen, repel missiles
A: inhibited regeneration, sturdy frame 1
a: Renounce Religion


You were on level 7 of the Dungeon.
You worshipped Vehumet.
Vehumet was noncommittal.
You visited 2 branches of the dungeon, and saw 8 of its levels.

You collected 358 gold pieces.
You spent 208 gold pieces at shops.

Inventory:

Hand Weapons
 a - a +0 short sword of speed
 d - a +2 short sword of venom (weapon)
 u - a +0 rapier
 y - a +1 dagger of holy wrath
Missiles
 f - 93 stones
 h - 3 poisoned darts
 i - 3 curare-tipped darts
 p - 2 boomerangs (quivered)
 s - 3 javelins
 t - 3 throwing nets
Armour
 b - a +0 robe (worn)
 e - a +0 buckler (worn)
 j - a +0 helmet (worn)
 v - a +0 pair of gloves (worn)
 w - a scarf of repulsion (worn)
Jewellery
 c - a ring of flight (left hand)
 q - a +6 ring of strength (right hand)
 r - a +4 ring of evasion
 x - a ring of see invisible
Scrolls
 g - a scroll of fog
 k - a scroll of fear {unknown}
 l - 4 scrolls of teleportation
 o - 3 scrolls of amnesia
Potions
 m - a potion of resistance
 z - a potion of heal wounds {unknown}


   Skills:
 - Level 5.0 Fighting
 - Level 4.0 Throwing
 - Level 4.0 Dodging
 - Level 3.0 Stealth
 - Level 4.0 Shields
 - Level 5.0 Spellcasting
 - Level 4.0 Conjurations
 + Level 6.0 Necromancy
 - Level 4.0 Transmutations
 - Level 7.0 Earth Magic


You had 11 spell levels left.
You knew the following spells:

 Your Spells              Type           Power      Damage    Failure   Level
a - Sandblast             Erth           82%        2d17      1%          1
b - Stone Arrow           Conj/Erth      66%        3d11      3%          3
c - Vampiric Draining     Necr           36%        2d8       2%          3

Your spell library contained the following spells:

 Spells                   Type           Power      Damage    Failure   Level
 Passwall                 Tmut/Erth      27%        N/A       1%          2
 Animate Dead             Necr           18%        N/A       9%          4
 Slow                     Hex            24%        N/A       11%         1
 Petrify                  Tmut/Erth      33%        N/A       11%         4
 Confusing Touch          Hex            6%         N/A       30%         3
 Haunt                    Necr/Summ      10%        N/A       100%        7
 Infestation              Necr           18%        N/A       100%        8


Dungeon Overview and Level Annotations

Branches:
Dungeon (7/15)             Temple (1/1) D:6

Altars:
Ashenzari
Cheibriados
Dithmenos
Elyvilon
Fedhas
Gozag
Hepliaklqana
Kikubaaqudgha
Nemelex Xobeh
Okawaru
Qazlal
Ru
Sif Muna
Trog
Uskayaw
Vehumet
Wu Jian
Xom
Yredelemnul
Zin
The Shining One

Shops:
D:1 ?   D:6 *


Innate Abilities, Weirdness & Mutations

You do not regenerate when monsters are visible.
Your movements are slightly less encumbered by armour. (ER -2)


Message History

You draw life force from the green ugly thing!
You feel life coursing into your body.
You feel extremely sick. The green ugly thing kicks you.
You are lethally poisoned!
The green ugly thing poisons you!
Casting: Vampiric Draining (dangerous; 2% risk of failure)
Confirm with . or Enter, or press ? or * to list all spells.
Aiming: Vampiric Draining (dangerous; 2% risk of failure)
Press: ? - help, Shift-Dir - straight line, f/p - green ugly thing
Aim: a green ugly thing (moderately wounded)
You draw life force from the green ugly thing.
You feel life coursing into your body.
You feel extremely sick. The green ugly thing kicks you!
* * * LOW HITPOINT WARNING * * *
You feel better. The green ugly thing kicks you!
* * * LOW HITPOINT WARNING * * *
Casting: Vampiric Draining (dangerous; 2% risk of failure)
Confirm with . or Enter, or press ? or * to list all spells.
Aiming: Stone Arrow (dangerous; 3% risk of failure)
Press: ? - help, Shift-Dir - straight line, f/p - green ugly thing
Aim: a green ugly thing (moderately wounded, 74% to hit)
The stone arrow hits the green ugly thing!
The green ugly thing is heavily wounded.
The green ugly thing kicks you!
* * * LOW HITPOINT WARNING * * *
You are lethally poisoned!
The green ugly thing poisons you!
Casting: Stone Arrow (dangerous; 3% risk of failure)
Confirm with . or Enter, or press ? or * to list all spells.
Aiming: Vampiric Draining (dangerous; 2% risk of failure)
Press: ? - help, Shift-Dir - straight line, f/p - green ugly thing
Aim: a green ugly thing (heavily wounded)
You draw life force from the green ugly thing!
You feel life coursing into your body!
* * * LOW HITPOINT WARNING * * *
You feel very sick. The green ugly thing kicks you!
You die...

........##..........#..#.........
......#...............##....#...#
......##.........#.....#.#..#...#
<....###...#.........##.....##.##
#.....#....##.........##....####
#.....#########.#####........####
......# #.(####.........#..
......# #....##....<.......
......# #.@..##.........#.#
.#....# #..u..#........####
#..#..# ##....#.......## ...#..#
#....#......## .....##
###..#.....## .....## #.#.....###
###...# .#.......## #.#####
.#........# #.....# #.......##


You could see a green ugly thing.

Vanquished Creatures
  Sigmund (D:6)
  A steam dragon (D:6)
  A water moccasin (D:5)
  A hornet zombie (D:5)
  A black bear (D:5)
  An ice beast (D:5)
  4 ogres
  2 necrophages (D:5)
  3 sky beasts
  A phantom (D:5)
  A centaur (D:5)
  3 bullfrogs
  2 water moccasin zombies
  A gnoll sergeant (D:6)
  2 scorpions
  A wyvern skeleton (D:7)
  A water moccasin skeleton (D:5)
  A jelly (D:6)
  A bullfrog zombie (D:5)
  2 centaur zombies (D:5)
  A gnoll shaman (D:6)
  An orc priest (D:6)
  A bullfrog skeleton (D:5)
  9 iguanas
  4 orc wizards
  Natasha (thrice) (D:3)
  Terence (D:3)
  A scorpion zombie (D:5)
  A killer bee zombie (D:7)
  A howler monkey zombie (D:5)
  Robin (D:2)
  9 gnolls
  5 adders
  2 white imps
  2 ufetubi (D:5)
  7 worms
  3 dart slugs
  24 orcs
  5 bats
  10 endoplasms
  2 giant cockroaches (D:1)
  12 goblins
  11 hobgoblins
  5 jackals
  11 kobolds
  6 quokkas
  10 ball pythons
  2 frilled lizards
  3 rats
184 creatures vanquished.

Vanquished Creatures (others)
  A fungus (D:1)
  5 withered plants (D:5)
6 creatures vanquished.

Grand Total: 190 creatures vanquished

Notes
Turn   | Place    | Note
-------+----------+-------------------------------------------
     0 | D:1      | hawla the Deep Elf Earth Elementalist began the quest for
                  | the Orb.
     0 | D:1      | Reached XP level 1. HP: 10/10 MP: 6/6
   122 | D:1      | Reached XP level 2. HP: 15/15 MP: 1/8
   446 | D:1      | Reached XP level 3. HP: 11/19 MP: 6/10
   729 | D:1      | Found Tudejyn's Magic Scroll Boutique.
   748 | D:1      | Bought a scroll of identify for 20 gold pieces
   967 | D:1      | Found a faded altar of an unknown god.
  1252 | D:1      | Reached skill level 4 in Earth Magic
  1254 | D:1      | Upgraded the game from 0.28-b1-25-g9875b3fc8c to
                  | 0.28-b1-70-g80dc712255
  1401 | D:2      | Learned a level 3 spell: Stone Arrow
  1430 | D:2      | Noticed Robin
  1485 | D:3      | Noticed Terence
  1577 | D:2      | Reached XP level 4. HP: 23/24 MP: 12/12
  2187 | D:3      | Noticed Natasha
  2192 | D:3      | Killed Natasha
  2193 | D:3      | Reached skill level 1 in Fighting
  2892 | D:2      | Killed Robin
  2999 | D:2      | Reached XP level 5. HP: 12/29 MP: 13/13
  3244 | D:3      | Killed Terence
  3524 | D:1      | Bought a scroll of identify for 20 gold pieces
  3730 | D:3      | Noticed Natasha
  3738 | D:3      | Killed Natasha
  3829 | D:3      | Noticed Natasha
  3838 | D:3      | Killed Natasha
  4685 | D:4      | Found a broken altar of Ashenzari.
  4790 | D:4      | Found a stormy altar of Qazlal.
  4791 | D:4      | Found an iron altar of Okawaru.
  5276 | D:4      | Reached XP level 6. HP: 22/35 MP: 10/14
  5798 | D:4      | Reached skill level 1 in Throwing
  5981 | D:5      | Entered Level 5 of the Dungeon
  5986 | D:5      | Reached skill level 1 in Shields
  6211 | D:5      | Reached XP level 7. HP: 23/40 MP: 5/15
  6456 | D:5      | Reached skill level 5 in Earth Magic
  6768 | D:5      | Found a sparkling altar of Nemelex Xobeh.
  7318 | D:5      | Reached skill level 6 in Earth Magic
  7416 | D:5      | Reached XP level 8. HP: 38/46 MP: 9/16
  8074 | D:5      | Reached skill level 1 in Conjurations
  8734 | D:4      | Gained mutation: You do not regenerate when monsters are
                  | visible. [potion of mutation]
  8734 | D:4      | Gained mutation: Your movements are slightly less
                  | encumbered by armour. (ER -2) [potion of mutation]
  8745 | D:5      | Reached skill level 5 in Spellcasting
  9266 | D:5      | Reached skill level 7 in Earth Magic
  9270 | D:5      | Learned a level 3 spell: Vampiric Draining
  9600 | D:5      | Reached skill level 1 in Necromancy
  9890 | D:6      | Reached XP level 9. HP: 38/52 MP: 18/18
 10079 | D:6      | Found Wesatache's Neck Hole.
 10087 | D:6      | Bought a scarf of repulsion for 168 gold pieces
 10403 | D:6      | Noticed Sigmund
 10640 | D:6      | Killed Sigmund
 10857 | D:6      | Reached skill level 5 in Fighting
 11203 | D:6      | Found an opulent altar of Gozag.
 11313 | D:6      | Found a staircase to the Ecumenical Temple.
 11530 | Temple   | Entered the Ecumenical Temple
 11696 | Temple   | Became a worshipper of Vehumet
 12967 | D:7      | Reached skill level 5 in Necromancy
 13350 | D:7      | Noticed a green ugly thing
 13361 | D:7      | Slain by a green ugly thing

Illustrated notes

Levels and vault maps discovered:
D:1:      mrwooster_arrival_arrow, layout_rooms, serial_shops, shop_fountains,
          shapermc_ecumenical_altar_hornbeckon, wad_floor_pattern_2
D:2:      layout_basic, uniq_robin
D:3:      layout_rooms, nicolae_concentric_dashed_squares_wild, uniq_natasha,
          uniq_terence
D:4:      layout_loops_corners, minitemple
D:5:      minmay_thinvault, layout_basic, nemelex_dance_club_becter,
          serial_undead, serial_undead_e, serial_undead_f, serial_undead_e,
          serial_undead_b, st_stairs_7
D:6:      layout_rooms, kennysheep_mini_moat, minmay_temple_entry_grid,
          chequers_mini_garden, eino_tiny_chamber,
          nicolae_shop_sticking_my_neck_out, uniq_sigmund
D:7:      minmay_opposing_rooms, layout_cave_pools, mainiacjoe_overflow_alcove_4
Temple:   eino_temple_rhombus

Skill      XL: |  1  2  3  4  5  6  7  8  9 |
---------------+----------------------------+-----
Transmutations | 2 3 4 |  4.0
Spellcasting   | 4 5 |  5.0
Earth Magic    | 4 6 7 |  7.0
Fighting       | 1 2 3 4 5 |  5.0
Throwing       | 2 4 |  4.0
Dodging        | 3 4 |  4.0
Stealth        | 3 |  3.0
Shields        | 1 3 4 |  4.0
Conjurations   | 2 4 |  4.0
Necromancy     | 2 6 |  6.0

Action                   |  1- 3 |  4- 6 |  7- 9 || total
-------------------------+-------+-------+-------++-------
Melee: Short sword       |    26 |   134 |   213 ||   373
Throw: Dart              |     1 |     7 |     1 ||     9
       Stone             |       |     9 |       ||     9
       Boomerang         |       |       |     6 ||     6
 Cast: Sandblast         |    46 |    18 |    32 ||    96
       Stone Arrow       |     1 |    11 |    58 ||    70
       Vampiric Draining |       |       |    21 ||    21
  Use: Potion            |     1 |     5 |     4 ||    10
       Scroll            |     3 |     6 |     5 ||    14
 Stab: Sleeping          |     1 |     6 |     5 ||    12
       Distracted        |       |       |     1 ||     1
Armor: Skin              |    10 |       |       ||    10
       Robe              |    11 |    14 |    45 ||    70
Dodge: Dodged            |    35 |    71 |   183 ||   289
       Repelled          |       |       |     2 ||     2
Block: Buckler           |     5 |    15 |    68 ||    88
